AoeStats
← [CL] Maga Oscura

Hideout

516889168Analyzed
4v4 RM · 19d ago on Oct 28, 2026· 50m 21s· 8 players
Game mode
Random Map
Map size
Large (8 player)
Population
200
Speed
Normal
Resources
Standard
Victory
Conquest
Starting age
Dark Age
Ending age
Imperial Age
RankedLock teamsTeams togetherTeam positionsShared explorationLock speedFull tech treeHidden civsTurbo modeCheats
Victory
Defeat
🇨🇱 Koreans · Chile
1637
+11
🇨🇱 Berbers · Chile
1564
+14
🇦🇷 Burgundians · Argentina
1519
+16
🇨🇱 Dravidians · Chile
1495
+17
vs
🇲🇽 Bulgarians · Mexico
1560
-16
🇲🇽 Vietnamese · Mexico
1555
-16
🇨🇷 Varangians · Costa Rica
1504
-14
🇹🇷 Khmer · Türkiye
1459
-12
Wolobo
9:02 Feudal Age
9:36 Arson
11:41 Forging
12:01 Scale Mail Armor
14:21 Loom
16:48 Fletching
21:26 Double-Bit Axe
21:28 Horse Collar
25:29 Castle Age
25:44 Pikeman
26:41 Chain Mail Armor
27:24 Bodkin Arrow
34:37 Wheelbarrow
36:28 Hand Cart
37:38 Iron Casting
38:16 Squires
43:50 Imperial Age
44:00 Onager
45:14 Plate Mail Armor
44:46 Capped Ram
45:37 Gambesons
47:06 Blast Furnace
50:37 Scale Barding Armor
Daniel Lothbrok
7:09 Loom
11:22 Feudal Age
15:55 Castle Age
14:30 Double-Bit Axe
14:59 Horse Collar
17:00 Bow Saw
20:13 Bloodlines
21:28 Forging
21:23 Scale Barding Armor
26:43 Scale Mail Armor
29:03 Wheelbarrow
33:01 Hand Cart
35:35 Imperial Age
32:51 Town Watch
33:33 Gold Mining
33:50 Squires
33:35 Gambesons
33:36 Arson
34:30 Iron Casting
34:10 Chain Mail Armor
34:24 Heavy Plow
35:21 Stone Mining
35:56 Fletching
37:28 Conscription
36:52 Elite Varangian Guard
39:06 Plate Mail Armor
39:36 Blast Furnace
39:05 Husbandry
39:58 Town Patrol
39:40 Gothikon
42:25 Blast Furnace
42:38 Two-Man Saw
43:10 Stone Shaft Mining
44:02 Ballistics
44:43 Chemistry
43:25 Treadmill Crane
43:56 Masonry
43:42 Murder Holes
45:21 Bodkin Arrow
46:39 Elite Jarl
48:14 Crop Rotation
48:20 Scale Barding Armor
48:16 Bracer
VX | JARV
9:58 Feudal Age
10:21 Loom
14:08 Castle Age
13:11 Loom
13:26 Double-Bit Axe
15:17 Bow Saw
15:31 Horse Collar
17:41 Heavy Plow
23:34 Fletching
24:59 Bodkin Arrow
32:39 Town Watch
33:29 Wheelbarrow
34:02 Scale Mail Armor
35:04 Hand Cart
34:11 Pikeman
35:35 Gold Mining
35:36 Stone Mining
39:03 Imperial Age
36:29 Elite Skirmisher
37:15 Thumb Ring
38:01 Padded Archer Armor
39:59 Ballistics
41:10 Chemistry
40:21 Masonry
40:07 Imperial Skirmisher
41:17 Bracer
41:34 Leather Archer Armor
42:17 Squires
42:03 Arson
43:12 Ring Archer Armor
42:50 Siege Engineers
42:26 Halberdier
47:34 Forging
47:39 Chain Mail Armor
swipp
9:57 Feudal Age
11:43 Loom
14:41 Castle Age
12:33 Horse Collar
13:20 Double-Bit Axe
13:57 Gold Mining
15:47 Bow Saw
21:44 Wheelbarrow
22:56 Hand Cart
26:55 Imperial Age
25:32 Gold Shaft Mining
25:39 Scale Barding Armor
25:45 Forging
26:25 Bloodlines
26:16 Husbandry
27:09 Chain Barding Armor
27:17 Tusk Swords
27:18 Onager
30:37 Plate Barding Armor
31:44 Iron Casting
32:27 Elite Battle Elephant
37:45 Blast Furnace
38:41 Heavy Scorpion
43:02 Double Crossbow
43:13 Siege Engineers
44:08 Ballistics
44:49 Chemistry
43:33 Light Cavalry
44:41 Conscription
47:17 Hussar
50:38 Heavy Plow
[CL] Dubstepyzed
10:45 Feudal Age
12:48 Double-Bit Axe
15:33 Castle Age
13:19 Horse Collar
15:03 Bloodlines
15:42 Loom
17:41 Scale Barding Armor
19:40 Bow Saw
19:46 Husbandry
23:54 Wheelbarrow
30:30 Hand Cart
30:31 Town Watch
35:01 Imperial Age
32:25 Fletching
32:48 Forging
33:18 Chain Barding Armor
33:26 Gold Mining
34:19 Heavy Plow
35:40 Iron Casting
35:45 Gold Shaft Mining
35:07 Stone Mining
36:25 Plate Barding Armor
35:16 Cavalier
36:28 Conscription
36:48 Stone Shaft Mining
36:55 Crop Rotation
37:44 Blast Furnace
37:26 Fletching
37:59 Padded Archer Armor
38:21 Bodkin Arrow
39:03 Leather Archer Armor
39:09 Ballistics
39:50 Chemistry
39:16 Guilds
40:26 Ring Archer Armor
39:57 Bracer
40:31 Thumb Ring
40:57 Ring Archer Armor
39:50 Light Cavalry
40:59 Kasbah
41:45 Coinage
40:58 Elite Camel Archer
41:46 Treadmill Crane
43:45 Maghrebi Camels
43:51 Murder Holes
44:34 Banking
46:07 Masonry
46:33 Hoardings
47:14 Hussar
six semen
3:29 Double-Bit Axe
10:44 Feudal Age
14:50 Castle Age
13:05 Horse Collar
13:58 Bow Saw
14:25 Heavy Plow
14:41 Gold Mining
15:37 Scale Barding Armor
17:57 Wheelbarrow
17:28 Husbandry
20:11 Forging
22:53 Chain Barding Armor
22:17 Cavalier
25:11 Hand Cart
25:39 Stone Mining
26:24 Crop Rotation
26:52 Loom
31:53 Imperial Age
28:52 Pikeman
29:35 Scale Mail Armor
30:02 Squires
31:11 Two-Man Saw
30:50 Gold Shaft Mining
30:31 Squires
31:20 Chain Mail Armor
31:18 Arson
32:19 Burgundian Vineyards
33:04 Iron Casting
33:50 Chemistry
32:37 Halberdier
33:42 Conscription
36:17 Plate Mail Armor
36:32 Plate Barding Armor
38:36 Fletching
39:40 Light Cavalry
41:22 Blast Furnace
39:45 Paladin
41:10 Bodkin Arrow
44:01 Masonry
44:50 Town Watch
49:44 Bracer
49:56 Light Cavalry
[CL] FARFANA
6:14 Loom
9:01 Feudal Age
9:39 Double-Bit Axe
11:19 Fletching
19:38 Castle Age
18:00 Gold Mining
19:46 Padded Archer Armor
19:41 Crossbowman
20:17 Bodkin Arrow
20:36 Bow Saw
27:28 Wheelbarrow
33:54 Imperial Age
34:03 Imperial Age
31:49 Hand Cart
32:08 Thumb Ring
33:33 Ballistics
33:35 Leather Archer Armor
38:35 Bracer
40:01 Town Watch
39:44 Elite Elephant Archer
41:28 Conscription
42:42 Chemistry
43:14 Medical Corps
44:07 Ring Archer Armor
44:56 Scale Barding Armor
45:02 Forging
44:40 Horse Collar
45:06 Light Cavalry
45:47 Husbandry
47:15 Two-Man Saw
46:18 Heavy Plow
47:20 Chain Barding Armor
47:35 Iron Casting
49:22 Iron Casting
51:31 Blast Furnace
[CL] Maga Oscura
8:56 Feudal Age
9:14 Loom
16:05 Horse Collar
26:16 Castle Age
24:27 Double-Bit Axe
26:01 Fletching
33:16 Wheelbarrow
32:55 Bow Saw
34:14 Bodkin Arrow
34:36 Town Watch
37:27 Heavy Plow
39:05 Stone Mining
42:04 Imperial Age
40:58 Stone Shaft Mining
40:14 Gold Mining
41:43 Ballistics
43:00 Hand Cart
43:10 Conscription
42:48 Elite War Wagon
43:53 Bracer
45:21 Chemistry
45:01 Husbandry
46:34 Eupseong
47:08 Arrowslits
Connection lost

Rejoining the realm…

Still unreachable

The connection could not be restored.

Session expired

The server has moved on; the page needs a fresh start.